 Dungeon Crawl Stone Soup version 0.32-a0-921-g04a7ad8e02 (webtiles) character file.

Game seed: 165141439342922325

2380 Autsider the Fighter (level 9, -1/76 HPs)
             Began as a Formicid Fighter on Apr 11, 2024.
             Was an Initiate of Qazlal.
             Slain by a yak (7 damage)
             ... on level 6 of the Dungeon.
             The game lasted 00:15:12 (6746 turns).

Autsider the Fighter (Formicid Fighter)             Turns: 6746, Time: 00:15:13

Health: -1/76      AC: 10    Str: 26    XL:     9   Next: 73%
Magic:  13/13      EV:  7    Int:  7    God:    Qazlal [......]
Gold:   361        SH:  4    Dex: 13    Spells: 8/8 levels left

rFire   + . .        a - +1 war axe
rCold   . . .        c - +0 buckler
rNeg    . . .        f - +0 chain mail {rPois}
rPois   +            (helmet unavailable)
rElec   .            (no cloak)
rCorr   .            (no gloves)
SInv    +            s - +0 pair of boots
Will    .....        (no amulet) Stlth
                     p - ring of protection from fire
HPRegen 0.32/turn    (no ring)
MPRegen 0.13/turn

%: no passive effects
@: mighty, silenced
A: permanent stasis, dig shafts and tunnels, antennae 3, four strong arms
a: Dig, Shaft Self, Renounce Religion


You were on level 6 of the Dungeon.
You worshipped Qazlal.
Qazlal was noncommittal.
You visited 2 branches of the dungeon, and saw 7 of its levels.
You also visited: Sewer.

You collected 361 gold pieces.

Inventory:

Hand Weapons
 a - a +1 war axe (weapon)
Missiles
 n - 11 poisoned darts (quivered)
Armour
 c - a +0 buckler (worn)
 f - a +0 chain mail of poison resistance (worn)
 r - a +0 plate armour
 s - a +0 pair of boots (worn)
 y - a +2 ring mail of fire resistance
Magical Staves
 j - a staff of alchemy
Jewellery
 p - a ring of protection from fire (left hand)
Scrolls
 b - 3 scrolls of revelation
 g - a scroll of butterflies
 m - a scroll of enchant weapon
 o - 2 scrolls of noise
 q - 3 scrolls of teleportation {unknown}
 z - a scroll of fear {unknown}
Potions
 e - a potion of lignification {unknown}
 h - 3 potions of enlightenment
 k - 2 potions of brilliance
 t - 3 potions of attraction
 v - a potion of magic {unknown}
 w - a potion of heal wounds {unknown}
 x - 2 potions of invisibility {unknown}


   Skills:
 + Level 9.3 Fighting
 + Level 8.1 Axes
 - Level 3.2 Armour
 - Level 4.0 Shields
 + Level 6.3 Invocations


You had 8 spell levels left.
You didn't know any spells.
Your spell library contained the following spells:

 Spells                   Type           Power      Damage    Failure   Level
 Apportation              Tloc           0%         N/A       95%         1
 Necrotise                Necr           0%         1d4       95%         1
 Sting                    Conj/Alch      0%         1d3       95%         1
 Summon Small Mammal      Summ           0%         N/A       95%         1
 Jinxbite                 Hex            0%         N/A       99%         2
 Mercury Vapours          Alch/Air       0%         N/A       99%         2
 Hailstorm                Conj/Ice       0%         3d5       100%        3
 Mephitic Cloud           Conj/Alch/Air  0%         N/A       100%        3
 Summon Ice Beast         Ice/Summ       0%         N/A       100%        3
 Ignite Poison            Fire/Alch      0%         N/A       100%        4
 Alistair's Intoxication  Alch           0%         N/A       100%        5
 Freezing Cloud           Conj/Ice/Air   0%         6-21      100%        5
 Irradiate                Conj/Alch      0%         3d11      100%        5
 Permafrost Eruption      Ice/Erth       0%         2x4d1     100%        6
 Sculpt Simulacrum        Ice/Alch       0%         N/A       100%        6


Dungeon Overview and Level Annotations

Branches:
Dungeon (6/15)             Temple (1/1) D:5           Sewer (visited)

Altars:
Cheibriados
Dithmenos
Elyvilon
Gozag
Hepliaklqana
Makhleb
Nemelex Xobeh
Okawaru
Qazlal
Ru
Sif Muna
Trog
Uskayaw
Vehumet
Wu Jian
Zin
The Shining One

Shops:
D:5 :

Annotations:
D:3 3 runed translucent doors, bmj180's ghost, amateur HuCj
D:4 exclusion: downstairs
D:5 exclusion: downstairs
D:6 Dowan; Duvessa


Innate Abilities, Weirdness & Mutations

You cannot be hasted, slowed, berserked, paralysed or teleported.
You can dig through walls and to a lower floor.
You have a pair of large antennae on your head. (SInv)
Your four strong arms can wield two-handed weapons with a shield.


Message History

The yak is severely wounded.
The yak snorts and paws the ground.
You block the yak's attack.
You closely miss the yak.
The yak is severely wounded.
The yak gores you but does no damage.
You slice the yak!!
You kill the yak!
Qazlal accepts your kill.
You barely miss the yak. The yak gores you.
* * * LOW HITPOINT WARNING * * *
You barely miss the yak. The yak gores you!
* * * LOW HITPOINT WARNING * * *
You hit the yak.
The yak is lightly wounded.
The yak gores you!
* * * LOW HITPOINT WARNING * * *
You block the yak's attack.
You hit the yak.
The yak is lightly wounded.
The yak misses you.
Okay, then.
You aren't carrying any items that you can evoke.
Unknown command.
You feel very mighty all of a sudden. The yak gores you!
* * * LOW HITPOINT WARNING * * *
You slash the yak!
The yak is moderately wounded.
The yak gores you!
* * * LOW HITPOINT WARNING * * *
As you read the scroll labelled IWUSED IGUOLU, it crumbles to dust.
It is a scroll of enchant weapon.
Your +0 war axe glows red for a moment.
You block the yak's attack.
As you read the scroll labelled AMICAI MIUPHO, it crumbles to dust.
The creatures around you are filled with an inner flame!
It was a scroll of immolation.
The yak closely misses you.
As you read the scroll labelled BIXUL XISAIZOE, it crumbles to dust.
A profound silence engulfs you.
It was a scroll of silence.
The yak gores you!
You die...

.....###.##### #.#.# ####.# #.#
#.#.# .....###.# #.#.# #........#
#.#.# #......### #.#.# #...##.#
#.#.# #...##.# #.#.# #...##.#####
#.#.# #...##.....## #@#.#
##.####.....####Y#.### ##.#
#.....Y..#.#<#.# ##.#
#..##.#.....รท..############
##.####..##.##.##................
##.##.......##.###<..#.#########.
##.......#####.# ##..#.# #.
#.....### #.# ##..#.## #. ##.##.#
#.. ....#..# #.


You could see a yak (inner flame).

Vanquished Creatures
  Pikel (D:6)
  4 yaks
  2 ice beasts (D:6)
  A sky beast (D:6)
  A black bear (D:5)
  An ogre (D:5)
  A centaur (D:6)
  3 bullfrogs
  2 scorpions
  2 bombardier beetles
  2 hounds
  2 iguanas
  2 sleepcaps (D:6)
  2 orc wizards
  9 adders
  4 ribbon worms
  12 dart slugs
  17 orcs
  20 endoplasms
  18 giant cockroaches
  9 goblins
  9 hobgoblins
  5 kobolds
  3 quokkas
  14 ball pythons
  3 bats
  10 frilled lizards (Sewer)
  6 rats
165 creatures vanquished.

Notes
Turn   | Place    | Note
-------+----------+-------------------------------------------
     0 | D:1      | Autsider the Formicid Fighter began the quest for the Orb.
     0 | D:1      | Reached XP level 1. HP: 18/18 MP: 1/1
   231 | D:1      | Reached XP level 2. HP: 24/24 MP: 2/2
  1313 | D:2      | Reached XP level 3. HP: 30/30 MP: 3/3
  1542 | D:2      | Reached skill level 4 in Fighting
  2041 | D:3      | Found a runed translucent gate.
  2042 | D:3      | Found a runed translucent gate.
  2042 | D:3      | Noticed bmj180's ghost (amateur HuCj)
  2043 | D:3      | Found a runed translucent gate.
  2044 | D:3      | Noticed a kobold brigand
  2093 | D:3      | Reached XP level 4. HP: 37/37 MP: 4/4
  2094 | D:3      | Found an iron altar of Okawaru.
  2103 | D:3      | Found a radiant altar of Vehumet.
  2104 | D:3      | Found a snail-covered altar of Cheibriados.
  2109 | D:3      | Found a hazy altar of Hepliaklqana.
  2145 | D:3      | Found a glowing silver altar of Zin.
  2145 | D:3      | Found a glowing golden altar of the Shining One.
  2145 | D:3      | Found a white marble altar of Elyvilon.
  2182 | D:3      | Found a glowing drain.
  2197 | Sewer    | Entered a sewer
  2387 | Sewer    | Reached XP level 5. HP: 42/43 MP: 5/5
  2504 | Sewer    | Reached skill level 5 in Fighting
  2638 | Sewer    | Noticed a bullfrog
  2638 | Sewer    | Noticed a bullfrog
  2643 | Sewer    | Killed a bullfrog
  2644 | Sewer    | Reached XP level 6. HP: 48/51 MP: 6/6
  3064 | D:3      | Reached skill level 6 in Fighting
  3360 | D:4      | Reached skill level 5 in Axes
  3360 | D:4      | Reached XP level 7. HP: 53/58 MP: 7/7
  3613 | D:4      | Found a shadowy altar of Dithmenos.
  3858 | D:5      | Entered Level 5 of the Dungeon
  4511 | D:5      | Found a staircase to the Ecumenical Temple.
  4537 | Temple   | Entered the Ecumenical Temple
  4545 | Temple   | Became a worshipper of Qazlal Stormbringer
  4636 | D:5      | Got Sif Muna's Teachings on the Viperous Cwm
  4657 | D:5      | Reached skill level 7 in Fighting
  4757 | D:5      | Found Notze's Book Shoppe.
  4847 | D:5      | Reached skill level 1 in Invocations
  4847 | D:5      | Reached XP level 8. HP: 48/67 MP: 7/9
  4933 | D:5      | Found a burning altar of Makhleb.
  4933 | D:5      | Noticed an Executioner
  5288 | D:5      | Identified the +1 ring mail of Lugonu's Whim {Dex+4}
  5540 | D:6      | Noticed Dowan
  5540 | D:6      | Noticed Duvessa
  6074 | D:6      | Reached skill level 8 in Fighting
  6136 | D:6      | Found a bloodstained altar of Trog.
  6178 | D:6      | Noticed Pikel
  6197 | D:6      | Killed Pikel
  6198 | D:6      | Reached skill level 5 in Invocations
  6198 | D:6      | Reached XP level 9. HP: 54/75 MP: 11/13
  6573 | D:5      | Reached skill level 9 in Fighting
  6746 | D:6      | Slain by a yak

Illustrated notes

Levels and vault maps discovered:
D:1:      lightli_arrival_maybe_door_vault, layout_basic
D:2:      layout_loops_ring
D:3:      layout_basic, good_gods_mini_temple, grunt_temple_overflow_open,
          mainiacjoe_overflow_paths, gammafunk_ghost_nasty_kobolds,
          portal_sewer_entry_d, minmay_diced_spiral
D:4:      layout_basic, nicolae_dithmenos_through_a_glass_darkly
D:5:      layout_basic, makhleb_altar_promises_db, temple_green, serial_shops,
          shop_fountains
D:6:      layout_basic, mainiacjoe_overflow_chevrons, uniq_pikel, uniq_duvessa
Temple:   nicolae_temple_little_seven

Skill      XL: |  1  2  3  4  5  6  7  8  9 |
---------------+----------------------------+-----
Fighting       | 4 5 6 7 8 9 |  9.3
Axes           | 3 4 5 6 7 8 |  8.1
Invocations    | 1 5 6 |  6.3
Armour         | |  3.2
Shields        | |  4.0

Action                     |  1- 3 |  4- 6 |  7- 9 || total
---------------------------+-------+-------+-------++-------
  Melee: War axe           |    91 |   212 |   259 ||   562
  Throw: Dart              |       |       |     1 ||     1
    Use: Scroll            |     1 |       |     8 ||     9
         Potion            |       |       |     1 ||     1
 Armour: Scale mail        |    18 |       |       ||    18
         Chain mail        |    61 |   178 |   242 ||   481
  Dodge: Dodged            |    29 |    62 |    95 ||   186
  Block: Buckler           |    17 |    46 |    55 ||   118

Table legend: (Time is in decaauts)
 A = Elapsed time spent in this place.
 B = Non-inter-level travel time spent in this place.
 C = Inter-level travel time spent in this place.
 D = Time resting spent in this place.
 E = Time spent auto-exploring this place.
 F = Levels seen in this place.
 G = Mean time per level.
                   A        B        C        D        E       F      G
               +--------+--------+--------+--------+--------+-----+--------+
         Total |   6968 |   6475 |    493 |    855 |   3919 |   8 |  871.0 |
       Dungeon |   6225 |   5740 |    485 |    737 |   3760 |   6 | 1037.5 |
        Temple |     85 |     77 |      8 |      0 |     69 |   1 |   85.0 |
         Sewer |    657 |    657 |      0 |    118 |     90 |   1 |  657.0 |
               +--------+--------+--------+--------+--------+-----+--------+

Top non-repeatable levels by time:
     D:5: 1690 daAuts
     D:1: 1297 daAuts
     D:4: 884 daAuts
     D:6: 802 daAuts
     D:3: 783 daAuts
     D:2: 767 daAuts
   Sewer: 657 daAuts
  Temple: 85 daAuts
